Map: Jagannatha LE

Players

Nina - Winner!

  • Race: Protoss Protoss

PiLiPiLi

  • Race: Protoss Protoss

Event: DreamHack SC2 Masters 2021 Fall

VOD

Have the link to the VOD?

Description

Time

  • Played on: Aug. 7, 2021, 4:45 p.m.
  • Length: 9:48

All games in this series

Show
View Real Time Build Order
Export as new Build Order

Nina Protoss - Winner!

Build Orders: Phoenix Opening 

Get SALT Encoding   

  12  0:00  Probe  
  13  0:12  Probe  
  14  0:17  Pylon  
  14  0:24  Probe (Chrono Boost)  
  15  0:36  Gateway, Probe (Chrono Boost)  
  16  0:44  Probe (Chrono Boost)  
  17  0:50  Assimilator  
  17  0:51  Probe  
  17  0:56  Assimilator  
  18  1:03  Probe (Chrono Boost)  
  19  1:09  Gateway  
  19  1:13  Probe (Chrono Boost)  
  19  1:18  Probe (Chrono Boost)  
  20  1:24  Cybernetics Core  
  21  1:30  Probe  
  22  1:34  Pylon  
  22  1:42  Probe  
  23  1:54  Probe  
  24  2:00  Stalker  
  24  2:01  Stalker  
  28  2:04  Warp Gate  
  28  2:06  Probe  
  29  2:18  Probe  
  29  2:19  Pylon  
  30  2:22  Pylon  
  30  2:30  Probe  
  31  2:40  Stalker  
  31  2:41  Sentry  
  31  2:42  Probe  
  36  2:54  Probe  
  37  3:02  Nexus  
  37  3:07  Pylon  
  37  3:14  Shield Battery  
  37  3:18  Phoenix  
  37  3:19  Probe  
  38  3:25  Sentry  
  40  3:30  Twilight Council  
  40  3:31  Probe  
  41  3:37  Forge  
  41  3:43  Probe  
  42  3:53  Stalker  
  44  3:55  Probe (Chrono Boost)  
  45  4:02  Stalker  
  45  4:09  Blink  
  47  4:13  Protoss Ground Weapons Level 1 (Chrono Boost), Probe (Chrono Boost)  
  48  4:22  Probe  
  50  4:25  Photon Cannon  
  50  4:26  Phoenix  
  50  4:28  Shield Battery  
  49  4:31  Probe  
  49  4:34  Probe  
  50  4:43  Probe (Chrono Boost)  
  50  4:45  Stalker  
  52  4:48  Probe (Chrono Boost)  
  53  4:54  Probe (Chrono Boost)  
  53  4:55  Stalker  
  53  4:57  Probe (Chrono Boost)  
  57  5:00  Robotics Facility, Probe (Chrono Boost)  
  57  5:02  Probe (Chrono Boost)  
  57  5:06  Assimilator  
  59  5:09  Pylon  
  59  5:10  Probe  
  59  5:13  Probe  
  61  5:24  Nexus  
  61  5:26  Pylon, Phoenix  
  61  5:28  Probe  
  62  5:33  Stalker  
  62  5:34  Stalker  
  66  5:36  Probe  
  67  5:44  Gateway  
  67  5:46  Gateway  
  67  5:48  Observer (Chrono Boost)  
  68  5:58  Pylon, Stalker x2  
  68  6:02  Shield Battery  
  68  6:03  Probe  
  73  6:04  Observer  
  74  6:20  Pylon  
  74  6:21  Gateway  
  74  6:23  Probe  
  74  6:24  Probe  
  76  6:26  Gateway  
  76  6:29  Stalker  
  76  6:30  Pylon  
  78  6:34  Protoss Ground Weapons Level 2 (Chrono Boost)  
  78  6:35  Stalker  
  80  6:44  Stalker x2  
  80  6:47  Probe  
  85  6:48  Probe  
  85  6:50  Probe (Chrono Boost)  
  87  6:59  Shield Battery, Stalker, Probe (Chrono Boost)  
  87  7:00  Probe (Chrono Boost)  
  91  7:04  Stalker  
  91  7:08  Probe (Chrono Boost)  
  95  7:09  Pylon, Probe (Chrono Boost)  
  95  7:10  Probe (Chrono Boost)  
  95  7:13  Photon Cannon  
  96  7:16  Pylon  
  96  7:19  Stalker  
  96  7:21  Stalker  
  100  7:27  Stalker  
  102  7:31  Stalker  
  102  7:32  Assimilator  
  102  7:34  Stalker  
  102  7:36  Stalker  
  102  7:44  Stalker x2  
  106  7:54  Stalker x2  
  106  7:56  Probe  
  110  8:06  Observer (Chrono Boost)  
  110  8:10  Photon Cannon  
  111  8:13  Pylon, Photon Cannon  
  111  8:15  Pylon, Robotics Bay  
  111  8:18  Assimilator, Probe  
  112  8:22  Observer  
  112  8:24  Assimilator  
  112  8:27  Observer (Chrono Boost)  
  112  8:31  Pylon  
  113  8:34  Stalker x2  
  113  8:37  Stalker  
  113  8:40  Stalker  
  120  8:48  Stalker  
  118  8:57  Stalker x2  
  118  9:03  Stalker x2  
  118  9:06  Probe  
  123  9:14  Stalker x2  
  113  9:21  Stalker x2  
  109  9:27  Stalker x2  
  87  9:39  Stalker x2  
  87  9:43  Pylon  
Show
View Real Time Build Order
Export as new Build Order

PiLiPiLi Protoss 

Build Orders: Blink Stalkers 

Get SALT Encoding   

  12  0:00  Probe  
  13  0:12  Probe  
  14  0:17  Pylon  
  14  0:24  Probe (Chrono Boost)  
  15  0:37  Probe (Chrono Boost)  
  15  0:38  Gateway  
  16  0:45  Probe (Chrono Boost)  
  16  0:46  Assimilator  
  17  0:51  Probe  
  18  0:57  Assimilator  
  18  1:03  Probe (Chrono Boost)  
  19  1:10  Gateway  
  19  1:15  Probe (Chrono Boost)  
  20  1:21  Probe (Chrono Boost)  
  21  1:25  Cybernetics Core  
  21  1:29  Probe  
  22  1:39  Pylon  
  22  1:41  Probe  
  23  1:57  Probe  
  24  2:03  Stalker x2  
  24  2:06  Warp Gate (Chrono Boost)  
  28  2:13  Probe  
  29  2:18  Pylon  
  29  2:38  Sentry, Stalker  
  33  2:53  Nexus  
  33  2:56  Probe  
  34  3:03  Shield Battery  
  34  3:14  Probe  
  35  3:21  Twilight Council  
  35  3:22  Pylon  
  35  3:23  Probe  
  36  3:31  Probe  
  36  3:41  Probe  
  38  3:48  Adept  
  38  3:49  Adept  
  38  3:53  Blink (Chrono Boost), Probe  
  43  4:05  Probe  
  43  4:07  Probe  
  45  4:17  Probe  
  45  4:19  Probe  
  45  4:20  Stalker x2  
  51  4:29  Probe  
  50  4:40  Probe  
  50  4:41  Probe  
  50  4:44  Gateway  
  50  4:45  Stalker x2  
  54  4:48  Phoenix  
  54  4:52  Probe  
  55  4:53  Probe  
  55  4:58  Nexus  
  56  5:02  Pylon  
  56  5:04  Probe  
  57  5:11  Stalker  
  57  5:12  Stalker  
  61  5:17  Probe  
  61  5:20  Probe  
  63  5:24  Gateway  
  63  5:29  Probe  
  63  5:30  Pylon  
  63  5:35  Stalker x2  
  68  5:36  Probe  
  68  5:37  Charge  
  68  5:41  Probe  
  70  5:46  Shield Battery  
  70  5:50  Pylon  
  70  5:51  Robotics Facility  
  70  5:52  Probe  
  71  6:02  Gateway  
  71  6:06  Gateway  
  67  6:19  Stalker x4  
  67  6:20  Probe x2  
  67  6:22  Probe  
  78  6:29  Gateway x2  
  78  6:32  Probe  
  79  6:39  Probe  
  80  6:41  Probe, Warp Prism (Chrono Boost)  
  80  6:44  Probe  
  80  6:46  Stalker x2  
  88  6:50  Pylon  
  88  6:51  Pylon  
  88  6:53  Stalker  
  90  7:00  Pylon  
  90  7:03  Stalker x2  
  90  7:07  Observer (Chrono Boost)  
  95  7:19  Gateway  
  95  7:20  Observer (Chrono Boost)  
  96  7:28  Zealot x8  
  104  7:46  Warp Prism (Chrono Boost)  
  100  7:54  Stalker x5, Zealot  
  100  7:55  Zealot x2  
  114  8:15  Assimilator, Gateway, Zealot  
  114  8:16  Assimilator, Zealot x3  
  114  8:17  Zealot  
  124  8:21  Pylon  
  124  8:22  Pylon  
  124  8:24  Pylon  
  124  8:25  Pylon  
  124  8:43  Zealot x3  
  124  8:44  Zealot x6  
  121  9:08  Stalker x8  
  121  9:09  Stalker  
  108  9:28  Zealot  
  96  9:32  Zealot  
  96  9:33  Zealot x4  
  74  9:39  Zealot x9  
  74  9:42  Robotics Bay  
  74  9:44  Robotics Facility  

Tags
 
Add a new tag
Caveats
  • Supply blocks, unpowered buildings, or Contaminate may cause inaccurate times.
  • Supply counts are checked every 10 seconds.